 Dungeon Crawl Stone Soup version 0.30-a0-266-g2b27a225a3 (webtiles) character file.

Game seed: 243962988797401969

352337 Morbidden the Executioner (level 21, -3/193 HPs)
             Began as a Minotaur Fighter on Oct 13, 2022.
             Was a Believer of Cheibriados.
             Slain by a deep troll (17 damage)
             ... on level 2 of the Depths on Oct 14, 2022.
             The game lasted 01:07:54 (41688 turns).

Morbidden the Executioner (Minotaur Fighter)       Turns: 41688, Time: 01:07:55

Health: -3/193     AC: 39    Str: 40    XL:     21   Next: 31%
Magic:  32/32      EV: 15    Int: 14    God:    Cheibriados [**....]
Gold:   1888       SH: 30    Dex: 24    Spells: 36/36 levels left

rFire   + . .      SeeInvis .    a - +9 broad axe (vamp)
rCold   + + .      Faith    .    O - +2 tower shield {AC+3}
rNeg    + + .      Spirit   .    k - +2 gold dragon scales
rPois   +          Reflect  +    T - +1 hat of the Cartwright {rC+}
rElec   .          Harm     .    l - +5 cloak "Xabbea" {rN++ Slay+4}
rCorr   +          Rampage  .    r - +1 pair of gloves {Str+3}
Will    +....                    Y - +1 pair of boots "Copp" {rCorr Int+3 Dex+4}
Stlth   ..........               F - amulet of reflection
HPRegen 0.52/turn                p - ring of Vaprug {Wiz *Slow Dex+3 Slay+4 Stlth+}
MPRegen 0.23/turn                K - +4 ring of slaying

@: studying Ranged Weapons, very slow
A: horns 2, retaliatory headbutt
}: 2/15 runes: serpentine, barnacled
a: Renounce Religion, Bend Time


You were on level 2 of the Depths.
You worshipped Cheibriados.
Cheibriados was pleased with you.
You visited 9 branches of the dungeon, and saw 39 of its levels.
You visited the Abyss 1 time.
You also visited: Ossuary and Desolation.

You collected 3987 gold pieces.
You spent 2099 gold pieces at shops.

Inventory:

Hand Weapons
 a - a +9 vampiric broad axe (weapon)
 b - a +5 broad axe of electrocution
 M - a +6 morningstar of protection
Missiles
 C - a throwing net
 L - 12 curare-tipped darts
 N - 26 boomerangs (quivered)
 W - 6 javelins
Armour
 k - +2 gold dragon scales (worn)
 l - the +5 cloak "Xabbea" (worn) {rN++ Slay+4}
   (You found it on level 1 of the Vaults)

   Slay:      It affects your accuracy & damage with ranged weapons and melee
   (+4).
   rN:        It greatly protects you from negative energy.
 r - a +1 pair of gloves of strength (worn)
 E - a +0 tower shield of cold resistance
 O - a +2 tower shield of protection (worn)
 T - the +1 hat of the Cartwright (worn) {rC+}
   (Okawaru gifted it to you on level 4 of the Snake Pit)

   rC:        It protects you from cold.
 Y - the +1 pair of boots "Copp" (worn) {rCorr Int+3 Dex+4}
   (You found it on level 14 of the Dungeon)

   Int:       It affects your intelligence (+3).
   Dex:       It affects your dexterity (+4).
   rCorr:     It protects you from acid and corrosion.
Jewellery
 f - the ring "Tinwa" {rN+ Dex+6 SInv}
   (You found it in the Desolation of Salt)

   [ring of dexterity]

   Dex:       It affects your dexterity (+6).
   rN:        It protects you from negative energy.
   SInv:      It lets you see invisible.
 o - an amulet of regeneration
 p - the ring of Vaprug (left hand) {Wiz *Slow Dex+3 Slay+4 Stlth+}
   (You found it in the Desolation of Salt)

   [ring of wizardry]

   It improves your spell success rate.
   Dex:       It affects your dexterity (+3).
   Slay:      It affects your accuracy & damage with ranged weapons and melee
   (+4).
   *Slow:     It may slow you when you take damage.
   Stlth:     It makes you more stealthy.
 w - the ring "Kugrizek" {*Corrode rC+ Will+ EV+4 Dex+5}
   (You found it in the Desolation of Salt)

   [ring of evasion]

   EV:        It affects your evasion (+4).
   Dex:       It affects your dexterity (+5).
   rC:        It protects you from cold.
   *Corrode:  It may corrode you when you take damage.
   Will:      It increases your willpower.
 F - an amulet of reflection (around neck)
 K - a +4 ring of slaying (right hand)
Wands
 q - a wand of light (31)
 y - a wand of iceblast (20)
 Q - a wand of flame (12)
 S - a wand of mindburst (11)
Scrolls
 g - 19 scrolls of identify
 i - 2 scrolls of fog
 j - 2 scrolls of summoning
 t - 5 scrolls of fear
 u - 8 scrolls of teleportation
 z - 5 scrolls of immolation
 A - 5 scrolls of torment
 B - 4 scrolls of blinking
 H - 4 scrolls of magic mapping
 J - 4 scrolls of poison
 P - 2 scrolls of amnesia
 U - a scroll of silence
 Z - a scroll of brand weapon
Potions
 c - 2 potions of magic
 d - 8 potions of might
 e - 3 potions of heal wounds
 h - 22 potions of curing
 m - 10 potions of mutation
 s - 7 potions of haste
 v - 4 potions of cancellation
 x - 7 potions of flight
 D - 2 potions of berserk rage
 G - 3 potions of invisibility
 I - 3 potions of resistance
 V - a potion of ambrosia
Miscellaneous
 n - a phantom mirror
 R - a condenser vane (inert)
 X - a lightning rod (4/4)


   Skills:
 * Level 17.7 Fighting
 * Level 21.6(22.1) Axes
 + Level 8.2(16.2) Maces & Flails
 * Level 10.1 Throwing
 * Level 16.4 Armour
 * Level 12.5 Dodging
 + Level 1.2 Stealth
 * Level 18.9 Shields
 * Level 8.0 Spellcasting
 * Level 11.7 Invocations
 * Level 10.7 Evocations


You had 36 spell levels left.
You didn't know any spells.
Your spell library contained the following spells:

 Spells                   Type           Power      Damage    Failure   Level
 Apportation              Tloc           10%        N/A       63%         1
 Foxfire                  Conj/Fire      20%        2x1d5     63%         1
 Kiss of Death            Conj/Necr      20%        2d7       63%         1
 Magic Dart               Conj           20%        1d4       63%         1
 Sandblast                Erth           10%        2d5       63%         1
 Shock                    Conj/Air       20%        1d4       63%         1
 Slow                     Hex            20%        N/A       63%         1
 Blink                    Tloc           10%        N/A       77%         2
 Cigotuvi's Dreadful Rot  Necr/Pois/Air  10%        N/A       77%         2
 Ensorcelled Hibernation  Hex/Ice        10%        N/A       77%         2
 Momentum Strike          Conj/Tloc      10%        3d8       77%         2
 Passwall                 Tmut/Erth      4%         N/A       77%         2
 Searing Ray              Conj           10%        2d4       77%         2
 Static Discharge         Conj/Air       10%        2-3/arc   77%         2
 Confusing Touch          Hex            5%         N/A       92%         3
 Dazzling Flash           Conj/Hex       10%        N/A       92%         3
 Gell's Gravitas          Tloc           5%         N/A       92%         3
 Hailstorm                Conj/Ice       5%         3d4       92%         3
 Ignite Poison            Fire/Tmut/Pois 5%         N/A       92%         3
 Inner Flame              Hex/Fire       5%         N/A       92%         3
 Kindle Blastsparks       Fire/Tloc/Air  10%        2d10      92%         3
 Lesser Beckoning         Tloc           10%        N/A       92%         3
 Mephitic Cloud           Conj/Pois/Air  5%         N/A       92%         3
 Spider Form              Tmut/Pois      5%         N/A       92%         3
 Stone Arrow              Conj/Erth      10%        3d7       92%         3
 Swiftness                Air            5%         N/A       92%         3
 Teleport Other           Tloc           5%         N/A       92%         3
 Vampiric Draining        Necr           5%         2d6       92%         3
 Vhi's Electric Charge    Tloc/Air       10%        N/A       92%         3
 Anguish                  Hex/Necr       2%         N/A       100%        4
 Animate Armour           Summ/Erth      10%        N/A       100%        4
 Cause Fear               Hex            2%         N/A       100%        4
 Flame Wave               Conj/Fire      5%         2d5       100%        4
 Fulminant Prism          Conj/Hex       2%         3d6       100%        4
 Ice Form                 Ice/Tmut       5%         N/A       100%        4
 Iskenderun's Mystic Bla  Conj/Tloc      5%         2d3       100%        4
 Manifold Assault         Tloc           5%         N/A       100%        4
 Alistair's Intoxication  Tmut/Pois      3%         N/A       100%        5
 Arcjolt                  Conj/Air       2%         1d12      100%        5
 Fireball                 Conj/Fire      2%         3d4       100%        5
 Freezing Cloud           Conj/Ice/Air   2%         6-21      100%        5
 Iskenderun's Battlesphe  Conj           5%         2d6       100%        5
 Lightning Bolt           Conj/Air       2%         1d14      100%        5
 Conjure Ball Lightning   Conj/Air       2%         3x3d6     100%        6
 Dispersal                Tloc           2%         N/A       100%        6
 Iron Shot                Conj/Erth      2%         9d2       100%        6
 Simulacrum               Ice/Necr       2%         N/A       100%        6
 Starburst                Conj/Fire      2%         6d3       100%        6
 Dragon Form              Tmut           2%         N/A       100%        7
 Orb of Destruction       Conj           2%         9d5       100%        7
 Spellforged Servitor     Conj/Summ      2%         N/A       100%        7
 Storm Form               Tmut/Air       2%         N/A       100%        7
 Disjunction              Tloc           2%         N/A       100%        8
 Lehudib's Crystal Spear  Conj/Erth      2%         10d2      100%        8
 Dragon's Call            Summ           2%         N/A       100%        9


Dungeon Overview and Level Annotations

Branches:
Dungeon (15/15)            Temple (1/1) D:4            Lair (5/5) D:8
 Shoals (4/4) Lair:2        Snake (4/4) Lair:2        Slime (0/5) Lair:4
    Orc (2/2) D:9             Elf (2/3) Orc:2        Vaults (4/5) D:13
  Crypt (0/3) Vaults:3     Depths (2/4) D:15        Ossuary (visited)
Desolation (visited)

Altars:
Ashenzari
Cheibriados
Dithmenos
Elyvilon
Fedhas
Gozag
Hepliaklqana
Kikubaaqudgha
Makhleb
Nemelex Xobeh
Okawaru
Qazlal
Ru
Sif Muna
Trog
Uskayaw
Vehumet
Wu Jian
Xom
Yredelemnul
Zin
The Shining One

Shops:
D:1 *   D:12 *   D:14 ?   Orc:2 ?[(*   Shoals:1 [   Shoals:3 [   Snake:3 =[
Snake:4 ?   Vaults:3 ?

Portals:
Hell: Lair:5 Depths:1
Pandemonium: Depths:1

Annotations:
Lair:5 exclusion: 3 oklob plants
Shoals:4 1 runed translucent door, onwiheg's ghost, adept FoFi


Innate Abilities, Weirdness & Mutations

You have a pair of horns on your head.
You reflexively headbutt those who attack you in melee.


Message History

Unknown command.
You hit the rakshasa. You headbutt the rakshasa!
You kill the rakshasa!
The rakshasa shimmers and vanishes!
You slash the water nymph!
You feel better.
You are engulfed in freezing vapours.
You resist.
The water nymph is engulfed in poison gas.
The water nymph looks even sicker.
You block the water nymph's attack.
An iron troll comes into view. x2
Unknown command.
Unknown command.
Your unstable footing causes you to fumble your attack.
You feel yourself speed up.
The water nymph is engulfed in poison gas.
The water nymph looks even sicker.
The water nymph gestures at you while chanting.
The water swirls and strikes you.
A deep troll comes into view.
The deep troll is poisoned.
The water nymph is engulfed in poison gas.
The water nymph looks as sick as possible!
The water nymph casts a spell at you. The water swirls and strikes you!
* * * LOW HITPOINT WARNING * * *
The deep troll is engulfed in freezing vapours.
You block the deep troll's attack. x2; The deep troll barely misses you.
Unknown command.
Your unstable footing causes you to fumble your attack.
The deep troll shouts!
Unknown command.
Unknown command.
Unknown command.
Unknown command.
Your unstable footing causes you to fumble your attack.
The water nymph is engulfed in poison gas.
The water nymph looks as sick as possible!
The water nymph gestures at you while chanting.
The water swirls and strikes you!
* * * LOW HITPOINT WARNING * * *
The deep troll bites you!
You die...

.##~~# ...... .~m.#
..T.... . ♣~~T#
........# ..
♣...##........# #.
#..#§#§T...... #§
#.~.§§§....... #.#§§
#.~~§°§...... ....
.#...§##§○†.....###.....
...R.§T@##..............
..#§☼☼○m###.)...##......
≈~..§○♣♣~ #[[)..........
~....♣ .##..[..........
≈~≈.. .##..[..........
≈~.♣ ~##...(.<.......
..♣ ~##..).......... ..
###..#..........
#..#######....


You could see an iron troll, a rakshasa, 3 deep trolls and a water nymph
(extremely poisoned).

Vanquished Creatures
  Vashnia (Snake:3)
  A pearl dragon (Abyss:4)
  A tentacled monstrosity (Abyss:4)
  Rupert (D:15)
  Mlioglotl (Snake:4)
  A titan (Vaults:4)
  A deep elf blademaster (Depths:1)
  7 sphinxes
  2 tentacled starspawn (Abyss:4)
  Frances (Shoals:2)
  A tengu reaver (Vaults:1)
  2 fenstrider witches (Depths:2)
  5 frost giants
  7 nagarajas
  Donald (Vaults:4)
  A fire giant (Depths:1)
  Aizul (Snake:4)
  10 vault wardens
  An imperial myrmidon (Desolation)
  A deep elf elementalist (Depths:2)
  2 orc warlords
  An angel (Abyss:4)
  9 ironbound thunderhulks
  An ophan (Abyss:4)
  15 ironbound preservers
  3 green draconians (Depths:1)
  A vampire knight (Depths:1)
  13 very ugly things
  6 stone giants
  Azrael (D:15)
  3 black draconians (Depths:1)
  3 halazid warlocks (Desolation)
  A deep elf annihilator (Elf:1)
  A yellow draconian (Abyss:4)
  18 dire elephants
  Snorg (D:11)
  6 ettins
  A fire dragon (Depths:1)
  Josephine (Lair:3)
  3 crystal guardians
  A merfolk javelineer (Shoals:3)
  12 merfolk impalers
  2 deep elf high priests
  8 great orbs of eyes
  5 hydras
  7 ragged hierophants (Desolation)
  4 servants of whispers
  9 yaktaur captains
  10 vault guards
  A rakshasa (Depths:2)
  7 anacondas
  12 peacekeepers
  An ice dragon (Depths:2)
  Fannar (Lair:1)
  3 salamander tyrants (Snake:4)
  An alligator snapping turtle (Shoals:4)
  A spriggan air mage (Depths:2)
  11 ironbound frosthearts
  7 merfolk aquamancers
  2 centaur warriors
  4 death yaks (Lair:5)
  An ogre mage (D:15)
  7 boulder beetles
  2 tengu warriors (D:15)
  6 dancing weapons
  4 merfolk avatars
  2 death knights (Vaults:3)
  6 deep troll earth magi
  A satyr (Shoals:3)
  10 two-headed ogres
  A vampire mage (Depths:2)
  2 deep troll shamans (Depths:1)
  19 naga warriors
  4 orc high priests
  3 deep elf knights (Elf:1)
  14 naga sharpshooters
  9 shock serpents
  4 sun demons (Abyss:4)
  2 wretched stars (Abyss:4)
  2 salamander mystics
  An iron troll (Depths:1)
  Sonja (Lair:5)
  A sixfirhy (Lair:5)
  A shadow wraith (Vaults:2)
  12 sea snakes
  40 deep trolls
  2 glowing orange brains
  22 ironbound convokers
  10 wizards
  2 deep elf archers
  4 orc knights (Orc:2)
  Pikel (D:8)
  A necromancer (Vaults:2)
  7 harpies
  6 naga ritualists
  5 orc sorcerers
  12 deep elf pyromancers
  13 mana vipers
  7 lindwurms
  23 ugly things
  A wolf spider (D:15)
  A phantasmal warrior (Vaults:4)
  10 deep elf zephyrmancers
  5 fauns
  13 cyclopes
  8 manticores
  A worldbinder (Abyss:4)
  10 salamanders
  An apocalypse crab (Abyss:4)
  13 naga magi
  31 black mambas
  An elephant (shapeshifter) (D:15)
  5 water nymphs
  4 merfolk sirens
  23 elephants
  A rust devil (Depths:1)
  15 vault sentinels
  14 guardian serpents
  3 gargoyles
  A guardian serpent (shapeshifter) (Elf:1)
  A smoke demon (Abyss:4)
  3 efreet (D:14)
  3 orange demons
  Maggie (Lair:1)
  A hellion (Depths:1)
  5 rime drakes
  2 unseen horrors
  12 cane toads
  26 yaktaurs
  3 komodo dragons
  2 hellwings
  4 tengu conjurers
  3 ice devils (Lair:5)
  2 ancient zymes (Abyss:4)
  A red devil (Depths:1)
  Grinder (D:6)
  26 merfolk
  5 trolls
  22 slime creatures
  2 polar bears
  A hornet (shapeshifter) (D:14)
  2 hornets
  4 blink frogs (Lair:3)
  5 wind drakes
  5 snapping turtles
  27 dream sheep
  46 saltlings (Desolation)
  2 air elementals
  Sigmund (D:4)
  38 yaks
  2 shadows (D:13)
  3 wyverns
  3 vampires
  2 spriggans (Depths:2)
  15 water elementals
  2 ynoxinuls
  6 fire elementals
  5 wraiths
  4 basilisks
  Grum (D:9)
  3 steam dragons
  7 vampire mosquitoes
  2 wargs
  A large abomination (Abyss:4)
  35 nagas
  2 acid dragons
  6 hell hounds
  13 water moccasins
  A floating eye (Depths:2)
  4 small abominations (Abyss:4)
  5 ice beasts
  21 orc warriors
  2 sky beasts
  A black bear (D:6)
  3 boggarts (D:14)
  4 ogres
  9 wolves
  7 centaurs
  5 kobold brigands
  2 phantoms (D:6)
  2 necrophages
  11 bullfrogs
  A scorpion (D:7)
  A gnoll sergeant (D:11)
  6 wights
  15 killer bees
  3 howler monkeys
  A vampire bat (D:5)
  2 electric eels (Lair:2)
  8 hounds
  5 jellies
  9 starcursed masses (Abyss:4)
  A human zombie (Ossuary)
  15 orc priests
  A gnoll bouda (D:5)
  Jessica (D:2)
  6 hell rats (Lair:2)
  29 orc wizards
  4 mummies (Ossuary)
  10 gnolls
  6 adders
  4 ufetubi
  2 worms
  A dart slug (D:3)
  3 fire bats (D:5)
  75 orcs
  2 spectral bats (D:5)
  3 bat skeletons (D:5)
  A bat zombie (D:5)
  10 endoplasms
  4 giant cockroaches
  2 gnoll zombies (Ossuary)
  8 goblins
  5 hobgoblins
  10 jackals
  4 quokkas
  9 ball pythons
  11 bats
  A bat simulacrum (D:5)
  4 frilled lizards
  2 goblin zombies (Ossuary)
  26 kobolds
  2 kobold zombies (Ossuary)
  An orc zombie (Ossuary)
  4 rats
  A butterfly (Lair:3)
  6 pillars of salt (Vaults:3)
  A starspawn tentacle (Abyss:4)
1448 creatures vanquished.

Vanquished Creatures (others)
  A naga ritualist (Snake:3)
  A deep elf pyromancer (Elf:1)
  A harpy (Shoals:3)
  A naga mage (Snake:4)
  A hell hound (D:15)
  An orc wizard (D:9)
  16 fungi
  74 plants
  2 starspawn tentacles (Abyss:4)
98 creatures vanquished.

Grand Total: 1546 creatures vanquished

Notes
Turn   | Place    | Note
-------+----------+-------------------------------------------
     0 | D:1      | Morbidden the Minotaur Fighter began the quest for the Orb.
     0 | D:1      | Reached XP level 1. HP: 19/19 MP: 0/0
   208 | D:1      | Reached XP level 2. HP: 27/27 MP: 1/1
   752 | D:1      | Found Huiceeme's Assorted Antiques.
   871 | D:2      | Reached XP level 3. HP: 33/33 MP: 2/2
   978 | D:2      | Reached skill level 3 in Axes
  1188 | D:2      | Noticed Jessica
  1194 | D:2      | Killed Jessica
  1196 | D:2      | Reached XP level 4. HP: 8/40 MP: 4/4
  1487 | D:3      | Noticed a centaur
  1498 | D:3      | Killed a centaur
  1499 | D:3      | Reached skill level 4 in Axes
  1499 | D:3      | Reached skill level 1 in Dodging
  1499 | D:3      | Reached XP level 5. HP: 15/46 MP: 5/5
  1641 | D:3      | Reached skill level 1 in Spellcasting
  1678 | D:3      | Found a faded altar of an unknown god.
  2108 | D:3      | Found a broken altar of Ashenzari.
  2247 | D:4      | Found a staircase to the Ecumenical Temple.
  2257 | Temple   | Entered the Ecumenical Temple
  2262 | Temple   | Became a worshipper of Warmaster Okawaru
  2310 | D:4      | Reached skill level 5 in Armour
  2311 | D:4      | Reached skill level 1 in Invocations
  2311 | D:4      | Reached XP level 6. HP: 23/52 MP: 6/6
  2367 | D:4      | Found a sand-covered staircase.
  2382 | Ossuary  | Entered an ossuary
  2502 | Ossuary  | Reached skill level 5 in Axes
  2820 | D:4      | Found a basalt altar of Yredelemnul.
  2889 | D:4      | Reached XP level 7. HP: 57/60 MP: 7/7
  2940 | D:4      | Noticed Sigmund
  2947 | D:4      | Killed Sigmund
  2947 | D:4      | Reached * piety under Okawaru
  2948 | D:4      | Reached skill level 6 in Axes
  2948 | D:4      | Reached skill level 1 in Evocations
  3206 | D:4      | Reached skill level 5 in Shields
  3470 | D:5      | Entered Level 5 of the Dungeon
  3473 | D:5      | Found a burning altar of Makhleb.
  3582 | D:5      | Reached ** piety under Okawaru
  3583 | D:5      | Reached skill level 5 in Fighting
  3583 | D:5      | Reached XP level 8. HP: 37/68 MP: 9/9
  3762 | D:5      | Reached skill level 7 in Axes
  4384 | D:5      | Noticed a two-headed ogre
  4398 | D:5      | Killed a two-headed ogre
  4399 | D:5      | Reached skill level 8 in Axes
  4399 | D:5      | Reached skill level 1 in Maces & Flails
  4640 | D:5      | Reached XP level 9. HP: 44/74 MP: 8/11
  5051 | D:6      | Reached *** piety under Okawaru
  5315 | D:6      | Noticed Grinder
  5321 | D:6      | Killed Grinder
  5411 | D:6      | Reached **** piety under Okawaru
  5456 | D:6      | Reached skill level 9 in Axes
  6091 | D:7      | Found a hide-covered altar of Uskayaw.
  6286 | D:7      | Found an ancient bone altar of Kikubaaqudgha.
  6647 | D:7      | Reached XP level 10. HP: 68/84 MP: 12/12
  6754 | D:8      | Noticed Pikel
  6766 | D:8      | Killed Pikel
  6767 | D:8      | Reached skill level 10 in Axes
  6896 | D:8      | Found a snail-covered altar of Cheibriados.
  6897 | D:8      | Found a sacrificial altar of Ru.
  6948 | D:8      | Reached ***** piety under Okawaru
  6960 | D:8      | Identified the +0 war axe of Fate {drain, rElec Str+2
                  | Dex+3} (Okawaru gifted it to you on level 8 of the Dungeon)
  6960 | D:8      | Received a gift from Okawaru
  7025 | D:8      | Found a staircase to the Lair.
  7192 | D:8      | Found a radiant altar of Vehumet.
  7192 | D:8      | Found a glowing golden altar of the Shining One.
  7194 | D:8      | Found an opulent altar of Gozag.
  7657 | D:9      | Reached skill level 11 in Axes
  7965 | D:9      | Noticed a two-headed ogre
  7967 | D:9      | Found a white marble altar of Elyvilon.
  7973 | D:9      | Killed a two-headed ogre
  7974 | D:9      | Reached XP level 11. HP: 57/92 MP: 14/14
  8190 | D:9      | Noticed Grum
  8202 | D:9      | Killed Grum
  8382 | D:9      | Found a staircase to the Orcish Mines.
  8514 | D:9      | Reached skill level 12 in Axes
  8524 | D:9      | Reached skill level 5 in Dodging
  8890 | D:10     | Entered Level 10 of the Dungeon
  9005 | D:10     | Received a gift from Okawaru
  9632 | D:10     | Found an ornate altar of the Wu Jian Council.
  9664 | D:10     | Identified the +10 glaive of Solemn Watchfulness {drain,
                  | Fragile Str+2 SInv}
  9927 | Lair:1   | Entered Level 1 of the Lair of Beasts
  9934 | Lair:1   | Received a gift from Okawaru
  9942 | Lair:1   | Reached skill level 5 in Maces & Flails
  9960 | Lair:1   | Reached skill level 5 in Invocations
 10373 | Lair:1   | Noticed Maggie
 10378 | Lair:1   | Killed Maggie
 10384 | Lair:1   | Reached skill level 13 in Axes
 10620 | Lair:1   | Noticed Fannar
 10622 | Lair:1   | You fall into a shaft and drop 1 floor!
 10962 | Lair:2   | Found a staircase to the Snake Pit.
 11160 | Lair:2   | Found a staircase to the Shoals.
 11825 | Lair:1   | Killed Fannar
 11825 | Lair:1   | Reached ****** piety under Okawaru
 11826 | Lair:1   | Reached XP level 12. HP: 56/103 MP: 16/16
 12584 | Lair:3   | Noticed Josephine
 12593 | Lair:3   | Killed Josephine
 12593 | Lair:3   | Received a gift from Okawaru
 12594 | Lair:3   | Reached skill level 10 in Armour
 12950 | Lair:3   | Reached skill level 5 in Evocations
 13309 | Lair:3   | Received a gift from Okawaru
 13647 | Lair:3   | Reached skill level 14 in Axes
 14059 | Lair:4   | Reached XP level 13. HP: 111/111 MP: 17/17
 14296 | Lair:4   | Found a staircase to the Slime Pits.
 14533 | Lair:4   | Reached skill level 15 in Axes
 15014 | Lair:5   | Entered Level 5 of the Lair of Beasts
 15230 | Lair:5   | Reached skill level 1 in Throwing
 15250 | Lair:5   | Received a gift from Okawaru
 15477 | Lair:5   | Reached skill level 10 in Fighting
 15713 | Lair:5   | Noticed Sonja
 15746 | Lair:5   | HP: 4/113 [Sonja/+1 dagger of distortion (4)]
 15747 | Lair:5   | Killed Sonja
 15890 | Lair:5   | Noticed a dire elephant
 16069 | Lair:5   | Killed a dire elephant
 16889 | Lair:5   | Received a gift from Okawaru
 17237 | Lair:5   | Reached XP level 14. HP: 85/122 MP: 19/19
 17561 | Lair:5   | Found a burning altar of Makhleb.
 17612 | Lair:5   | Found a gateway to Hell.
 18149 | D:11     | Reached skill level 16 in Axes
 18160 | D:11     | Received a gift from Okawaru
 18625 | D:11     | Noticed Snorg
 18629 | D:11     | Killed Snorg
 18881 | D:12     | Found Osmilir's Assorted Antiques.
 18892 | D:12     | Identified the +7 chain mail of Demons {rN+ Int+4}
 19321 | D:12     | Reached skill level 10 in Shields
 19471 | D:13     | Got the Tome of Stones and Poison
 19640 | D:13     | Found a gate to the Vaults.
 19653 | D:13     | Received a gift from Okawaru
 20076 | D:13     | Found a glowing golden altar of the Shining One.
 20259 | D:14     | Identified the +1 robe "Paas" {Fly Int+4 Dex+2} (Okawaru
                  | gifted it to you on level 14 of the Dungeon)
 20259 | D:14     | Received a gift from Okawaru
 20414 | D:14     | Noticed a sphinx
 20424 | D:14     | Killed a sphinx
 20486 | D:14     | Reached skill level 17 in Axes
 20626 | D:14     | Found a hide-covered altar of Uskayaw.
 20712 | D:14     | Identified the +1 pair of boots "Copp" {rCorr Int+3 Dex+4}
 20743 | D:14     | Found Fufiph's Magic Scroll Boutique.
 20751 | D:14     | Bought a scroll of brand weapon for 142 gold pieces
 20752 | D:14     | Bought a scroll of brand weapon for 142 gold pieces
 20811 | D:14     | Reached XP level 15. HP: 119/130 MP: 21/21
 21130 | D:15     | Entered Level 15 of the Dungeon
 21165 | D:15     | Noticed Rupert
 21171 | D:15     | Killed Rupert
 21172 | D:15     | Reached skill level 5 in Spellcasting
 21256 | D:15     | Found a basalt altar of Yredelemnul.
 21508 | D:15     | Found a staircase to the Depths.
 21529 | D:15     | Noticed Azrael
 21543 | D:15     | Killed Azrael
 21553 | D:15     | Received a gift from Okawaru
 22152 | Orc:1    | Entered Level 1 of the Orcish Mines
 22238 | Orc:2    | Entered Level 2 of the Orcish Mines
 22875 | Orc:2    | Found a staircase to the Elven Halls.
 22919 | Orc:2    | Found Kastraffo's General Store.
 22924 | Orc:2    | Reached skill level 5 in Throwing
 22970 | Orc:2    | Identified the +2 war axe of Famine {vorpal, *Corrode rC+
                  | Str+4} (Okawaru gifted it to you on level 2 of the Orcish
                  | Mines)
 22970 | Orc:2    | Received a gift from Okawaru
 22975 | Orc:2    | Found Zizuu's Antique Weapon Emporium.
 22979 | Orc:2    | Found Dowk's Armour Emporium.
 22981 | Orc:2    | Found Weod Zeu's Magic Scroll Shop.
 23084 | Orc:2    | Upgraded the game from 0.30-a0-253-g6b895097cc to
                  | 0.30-a0-266-g2b27a225a3
 23218 | Snake:1  | Entered Level 1 of the Snake Pit
 23581 | Snake:1  | Noticed a nagaraja
 23599 | Snake:1  | Killed a nagaraja
 23725 | Snake:1  | Reached skill level 18 in Axes
 23784 | Snake:1  | You fall into a shaft and drop 1 floor!
 23793 | Snake:2  | Received a gift from Okawaru
 25108 | Snake:2  | Identified the -2 buckler of the Filigreed God {Rampage
                  | Int+4}
 25220 | Snake:2  | Noticed a nagaraja
 25230 | Snake:2  | Killed a nagaraja
 25231 | Snake:2  | Reached XP level 16. HP: 131/141 MP: 23/23
 25785 | Snake:3  | Received a gift from Okawaru
 25851 | Snake:3  | Noticed Vashnia
 25872 | Snake:3  | Killed Vashnia
 26037 | Snake:3  | Found Fauki's Antique Armour Shoppe.
 26037 | Snake:3  | Found Opladgh's Jewellery Emporium.
 26062 | Snake:3  | Bought an ancient chain mail for 380 gold pieces
 26062 | Snake:3  | Identified the +7 chain mail of the Kettle-Drum {rN+ Int+3
                  | Dex-2} (You bought it in a shop on level 3 of the Snake
                  | Pit)
 26564 | Snake:4  | Entered Level 4 of the Snake Pit
 26564 | Snake:4  | Noticed Mlioglotl
 26573 | Snake:4  | Killed Mlioglotl
 26824 | Snake:4  | Noticed Aizul
 26839 | Snake:4  | Killed Aizul
 26857 | Snake:4  | Received a gift from Okawaru
 26981 | Snake:4  | Identified the +1 hat of the Cartwright {rC+} (Okawaru
                  | gifted it to you on level 4 of the Snake Pit)
 26981 | Snake:4  | Received a gift from Okawaru
 27173 | Snake:4  | Reached XP level 17. HP: 122/150 MP: 25/25
 27453 | Snake:4  | Got a serpentine rune of Zot
 27609 | Snake:4  | Reached skill level 10 in Dodging
 27666 | Snake:4  | Found Mowocoss's Magic Scroll Boutique.
 27937 | Shoals:1 | Entered Level 1 of the Shoals
 27990 | Shoals:1 | Received a gift from Okawaru
 28306 | Shoals:1 | Found Ydwypyim's Armour Boutique.
 28634 | Shoals:2 | Identified the +8 scimitar of Starshine {holy, rElec rCorr
                  | Int+2} (Okawaru gifted it to you on level 2 of the Shoals)
 28634 | Shoals:2 | Received a gift from Okawaru
 28789 | Shoals:2 | Noticed Frances
 28802 | Shoals:2 | Killed Frances
 28828 | Shoals:2 | Reached skill level 19 in Axes
 29479 | Shoals:3 | Identified the +0 scale mail of Orphiapa {rPois MP+9}
 29664 | Shoals:3 | Found Rammanu's Dragon-Slaying Spoils.
 29675 | Shoals:3 | Bought +0 gold dragon scales for 1120 gold pieces
 29720 | Arena    | Entered the Arena
 29720 | Arena    | HP: 6/152 [poisoned by a merfolk impaler]
 29755 | Shoals:3 | Identified the +0 cloak of Mirth {rElec rF- rCorr Slay+3}
                  | (Okawaru gifted it to you on level 3 of the Shoals)
 29755 | Shoals:3 | Received a gift from Okawaru
 30344 | Shoals:4 | Entered Level 4 of the Shoals
 30659 | Shoals:4 | Identified the +9 hand axe of Kindness {antimagic, Str+2}
 30703 | Shoals:4 | Found a runed translucent door.
 30703 | Shoals:4 | Noticed onwiheg's ghost (adept FoFi)
 31080 | Shoals:4 | Got Jiadap's Almanac of Transmigration and Bolts
 31286 | Shoals:4 | Reached XP level 18. HP: 100/161 MP: 24/26
 31294 | Shoals:4 | Reached skill level 15 in Shields
 31403 | Shoals:4 | Got a barnacled rune of Zot
 31781 | Elf:1    | Entered Level 1 of the Elven Halls
 31817 | Elf:1    | Received a gift from Okawaru
 31920 | Elf:1    | Paralysed by an air elemental for 1 turns
 32097 | Elf:1    | Reached skill level 10 in Invocations
 32283 | Elf:1    | Got Xuem's Papyrus of the Impact
 32574 | Elf:1    | Found a shimmering blue altar of Sif Muna.
 32736 | Elf:2    | Paralysed by an air elemental for 1 turns
 32870 | Abyss:3  | Cast into level 3 of the Abyss (a deep elf sorcerer)
 33108 | Abyss:4  | Reached skill level 1 in Stealth
 33197 | Abyss:4  | Identified the +9 hand axe of Ytuz {flame, Str+4 Int-4
                  | Dex+4} (Okawaru gifted it to you on level 4 of the Abyss)
 33197 | Abyss:4  | Received a gift from Okawaru
 33219 | Abyss:4  | Noticed a pearl dragon
 33232 | Abyss:4  | Killed a pearl dragon
 33235 | Abyss:4  | Noticed a tentacled monstrosity
 33243 | Abyss:4  | Killed a tentacled monstrosity
 33292 | Abyss:4  | Paralysed by accursed screaming for 2 turns
 33294 | Abyss:4  | HP: 6/162 [starcursed mass/accursed screaming (19)]
 33300 | Abyss:4  | Paralysed by accursed screaming for 1 turns
 33316 | Elf:2    | Escaped the Abyss
 34047 | Vaults:1 | Entered Level 1 of the Vaults
 34252 | Vaults:1 | Reached skill level 15 in Fighting
 34403 | Vaults:1 | You fall into a shaft and drop 1 floor!
 34483 | Vaults:2 | Received a gift from Okawaru
 34501 | Vaults:2 | Reached skill level 15 in Armour
 34842 | Vaults:2 | Reached XP level 19. HP: 165/170 MP: 28/28
 34851 | Vaults:2 | Received a gift from Okawaru
 34865 | Vaults:2 | Reached skill level 20 in Axes
 35167 | Vaults:2 | Received a gift from Okawaru
 35494 | Vaults:1 | Received a gift from Okawaru
 35532 | Vaults:1 | Identified the +5 cloak "Xabbea" {rN++ Slay+4}
 35615 | Vaults:1 | Received a gift from Okawaru
 36424 | Vaults:3 | Found Naugaif's Magic Scroll Shoppe.
 36432 | Vaults:3 | Bought a scroll of blinking for 105 gold pieces
 36432 | Vaults:3 | Bought a scroll of blinking for 105 gold pieces
 36432 | Vaults:3 | Bought a scroll of enchant weapon for 105 gold pieces
 36489 | Vaults:3 | Found a crumbling gateway.
 36523 | Desolati | Entered the Desolation of Salt
 36529 | Desolati | Reached skill level 10 in Evocations
 36619 | Arena    | Entered the Arena
 36882 | Desolati | Identified the ring "Tinwa" {rN+ Dex+6 SInv}
 36946 | Desolati | Identified the +8 hand axe of Candle {antimagic, rElec rF-
                  | rN+ Will+++} (Okawaru gifted it to you in the Desolation of
                  | Salt)
 36946 | Desolati | Received a gift from Okawaru
 36948 | Desolati | Reached XP level 20. HP: 182/182 MP: 30/30
 36962 | Desolati | Got the Incunable of Stones and Conflagration
 37054 | Desolati | Identified the ring "Naroim" {Fire Will+ Dex+5}
 37078 | Desolati | Got the Grimoire of Ozone
 37227 | Desolati | Identified the +0 plate armour of Sablych {Drain rC+ rN+
                  | Str+4}
 37229 | Desolati | Identified the ring of Vaprug {Wiz *Slow Dex+3 Slay+4
                  | Stlth+}
 37233 | Desolati | Identified the ring "Yrinalil" {rN+ Will- rCorr Int+2
                  | Dex+4}
 37239 | Desolati | Got Giysa's Almanac of the Sepulchral Excursion
 37240 | Desolati | Identified the +2 flail "Neqiniep" {vorpal, rElec rN+}
 37286 | Desolati | Identified the ring "Kugrizek" {*Corrode rC+ Will+ EV+4
                  | Dex+5}
 37319 | Desolati | Identified the +1 mace of the Onslaught {pain, Will+}
 37661 | Vaults:3 | Found a staircase to the Crypt.
 38140 | Vaults:3 | Received a gift from Okawaru
 38256 | Vaults:3 | Paralysed by a sphinx for 5 turns
 38327 | Vaults:3 | Reached skill level 21 in Axes
 38829 | Vaults:4 | Paralysed by a sphinx for 3 turns
 38864 | Vaults:4 | Noticed Donald
 38878 | Vaults:4 | Killed Donald
 38922 | Vaults:4 | Identified the +10 glaive of Xozxoahuf {vorpal, rF+ Int+3}
 39021 | Vaults:4 | Received a gift from Okawaru
 39272 | Vaults:4 | Received a gift from Okawaru
 39735 | Vaults:4 | Identified the +4 war axe "Kihoqeunn" {vorpal, rN++ Int+7
                  | Dex-4}
 40209 | D:8      | Fell from the grace of Okawaru
 40209 | D:8      | Became a worshipper of Cheibriados the Contemplative
 40623 | Depths:1 | Entered Level 1 of the Depths
 41054 | Depths:1 | Reached XP level 21. HP: 192/192 MP: 31/31
 41166 | Depths:1 | Found a one-way gate leading to the halls of Pandemonium.
 41367 | Depths:1 | Reached * piety under Cheibriados
 41569 | Depths:2 | Reached skill level 10 in Throwing
 41644 | Depths:2 | Reached ** piety under Cheibriados
 41669 | Depths:2 | Paralysed by a floating eye for 3 turns
 41688 | Depths:2 | Slain by a deep troll

Illustrated notes

Levels and vault maps discovered:
D:1:      scummos_arrival_hexagon, layout_basic, serial_shops,
          nicolae_shop_crystal, serial_curves, eino_curves_04, eino_curves_03,
          eino_curves_04, eino_curves_02
D:2:      layout_rooms, corexii_corridor_pit, uniq_jessica
D:3:      layout_loops_ring, ashenzari_altar_1,
          nicolae_ecumenical_snake_handling, minivault_14
D:4:      cheibrodos_pilgrimage, layout_basic, kennysheep_little_box,
          minmay_temple_entry_large_hall, enter_ossuary_1,
          nicolae_concentric_dashed_squares_wild,
          hangedman_abyss_or_decor_stagger, interstate_on_off, st_stairs_3,
          uniq_sigmund
D:5:      layout_basic, makhleb_heckhound_becter, goddamned_bats
D:6:      layout_cave_pools, serial_column_ruins, column_ruins_hut_water,
          column_ruins_corridor_straight, column_ruins_open_medium,
          column_ruins_open_small, column_ruins_columns_dead_end, minivault_5,
          uniq_grinder
D:7:      layout_loops_ring, mainiacjoe_overflow_brackets,
          kiku_gazebo_garden_becter
D:8:      layout_loops_ring, nicolae_overflow_hidden_temple, lair_entry_dummy,
          uniq_pikel
D:9:      layout_cave_pools, elyvilon_altar_1, minmay_orc_entry_temple_large,
          uniq_grum
D:10:     layout_basic, general_overflow_altar
D:11:     layout_rooms, uniq_snorg
D:12:     layout_roguey, serial_shops, shop
D:13:     layout_loops_ring, lightli_vaults_fourway_checkpoint,
          amcnicky_mini_pool_small, tso_metal_star
D:14:     kennysheep_room_grid, layout_long_grid, serial_shops,
          nicolae_shop_statue_plus, minmay_misc_feat_plants,
          nicolae_uskayaw_murder_on_the_dancefloor
D:15:     hangedman_depths_entry_try_elsewhere_first, layout_stronghold,
          yredelemnul_altar_generic, uniq_azrael, uniq_rupert
Temple:   hellmonk_temple_micro_hex
Lair:1:   layout_hall_layers, infiniplex_staircase_pool, uniq_fannar,
          uniq_maggie
Lair:2:   layout_regular_city, minmay_shoals_entry_hut, dummy_snake_entry,
          minivault_25, st_stairs_8, columned_hall_lemuel
Lair:3:   layout_cave_pods, lemuel_fruit_fields, grunt_megastairs_1,
          serial_bayou_shore_b, uniq_josephine
Lair:4:   layout_regular_city, nicolae_slime_entry_slimehenge,
          serial_bayou_crossing
Lair:5:   evil_forest, layout_hall_layers, dpeg_oklob_1,
          infiniplex_staircase_pool_2, uniq_sonja
Shoals:1: layout_shoals, serial_shops, shop_statue
Shoals:2: layout_shoals, uniq_frances
Shoals:3: layout_shoals, nicolae_shop_dragon_depot, nzn_prometheus_bound
Shoals:4: shoals_end_grunt_ice, layout_shoals, gammafunk_ghost_grave
Snake:1:  layout_chambers
Snake:2:  layout_basic
Snake:3:  layout_misc_corridors, minmay_shoptagon, uniq_vashnia
Snake:4:  grunt_snake_rune_serpentine_throne, layout_cave_town, serial_shops,
          nicolae_shop_crystal, uniq_aizul, uniq_mlioglotl
Orc:1:    layout_diamond_mine
Orc:2:    st_orc_elflike, layout_caves
Elf:1:    minmay_elf_arrival_summoners, layout_geoelf_diagonals, basic_altar,
          minmay_elf_annihilation
Elf:2:    elven_hall_of_blades_hangedman_alternative [nicolae_blade_bullseye],
          layout_loops_corners, st_stairs_9
Vaults:1: v_alt_pattern_5, v_alt_pattern_1, st_more_cells,
          nicolae_vaults_bisected_inception, grunt_vaults_hallway_short,
          vaults_room_grunt_arrival_ludios, v_misc_27,
          nicolae_vaults_little_squares_1, v_misc_24, nicolae_vaults_gold_heap,
          vaults_dpeg_encased_lava, nicolae_vaults_asterisk,
          layout_vaults_big_room
Vaults:2: nicolae_vaults_stairing_the_circle, hangedman_vaults_trim,
          nicolae_vaults_c_with_doors, v_rooms_4, dpeg_vaults_monster_box,
          hangedman_vaults_unwind, hangedman_vaults_cutoff,
          ontoclasm_vaults_ring_square, vaults_room_door_ring,
          ontoclasm_vaults_gateway, nicolae_vaults_shelves_hall,
          layout_vaults_maze_snakey
Vaults:3: portal_desolation_entry_garden, nicolae_vaults_diagonal_hallway_8,
          grunt_vaults_bifocal, blue_anna_dwarven_crypt, v_misc_2, v_misc_30,
          vaults_room_pool, ontoclasm_vaults_eye, v_misc_27, v_pattern_3,
          layout_vaults_omnigrid, serial_shops, nicolae_shop_stone
Vaults:4: grunt_vaults_funneled_arena, hangedman_vaults_restitches,
          nicolae_vaults_triangles, hangedman_vaults_snaps,
          ontoclasm_vaults_idyll, nicolae_vaults_sealed_display, v_misc_1,
          nicolae_vaults_little_squares_4, vaults_room_corners,
          layout_vaults_omnibox, uniq_donald, uniq_margery
Depths:1: layout_twisted_cross, grunt_hell_entry_dis_grunt,
          nicolae_benzene_ring, rand_demon_pan_entry_3, item_on_display_a
Depths:2: nicolae_terramorphic_expanse [nicolae_terramorphic_quarter,
          nicolae_terramorphic_quarter, nicolae_terramorphic_quarter,
          nicolae_terramorphic_quarter, nicolae_terramorphic_quarter,
          nicolae_terramorphic_biome, nicolae_terramorphic_biome,
          nicolae_terramorphic_biome, nicolae_terramorphic_biome], layout_basic,
          enter_ziggurat_b, pf_hell_entry_tar_spiral, serial_bayou_shore_a,
          pan_entry

Skill      XL: |  1  2  3  4  5  6  7  8  9 10 11 12 13 14 15 16 17 18 19 20 21 |
---------------+----------------------------------------------------------------+-----
Armour         | 4 5 6 7 8 9 10 11 12 13 14 15 16 | 16.4
Axes           | 3 4 5 6 8 9 11 13 14 15 17 18 19 20 21 | 21.6
Fighting       | 4 5 6 7 8 9 10 11 12 13 14 15 16 17 | 17.7
Shields        | 4 5 6 7 8 9 10 11 13 14 16 17 18 | 18.9
Dodging        | 1 2 3 4 5 6 7 8 9 10 11 12 | 12.5
Spellcasting   | 1 2 3 4 5 6 7 8 |  8.0
Invocations    | 1 2 3 4 5 6 7 8 9 10 11 | 11.7
Evocations     | 1 2 3 4 5 6 7 8 9 10 | 10.7
Maces & Flails | 1 2 4 5 6 8 |  8.2
Throwing       | 3 4 5 6 7 8 9 10 | 10.1
Stealth        | 1 |  1.2

Action                   |  1- 3 |  4- 6 |  7- 9 | 10-12 | 13-15 | 16-18 | 19-21 || total
-------------------------+-------+-------+-------+-------+-------+-------+-------++-------
Melee: War axe           |    61 |   120 |   286 |   262 |       |       |       ||   729
       Headbutt          |     6 |    18 |    54 |    85 |   194 |   307 |   305 ||   969
       Broad axe         |       |       |       |   146 |   719 |  1152 |   928 ||  2945
       Morningstar       |       |       |       |       |    78 |       |       ||    78
Throw: Dart              |       |       |       |     2 |    51 |       |       ||    53
       Boomerang         |       |       |       |     3 |     2 |    22 |    13 ||    40
Invok: Heroism           |       |       |     3 |     5 |    10 |    12 |     3 ||    33
       Finesse           |       |       |       |       |     3 |     5 |     3 ||    11
       Duel              |       |       |       |       |       |     1 |     1 ||     2
Evoke: Wand              |       |       |       |       |     3 |     1 |       ||     4
       Condenser vane    |       |       |       |       |     2 |     3 |     1 ||     6
  Use: Scroll            |       |     5 |     4 |     6 |    18 |     6 |     3 ||    42
       Potion            |       |       |       |     1 |     2 |     6 |     3 ||    12
 Stab: Invisible         |       |       |       |       |       |     2 |       ||     2
       Distracted        |       |       |       |       |       |       |     1 ||     1
Armor: Scale mail        |    34 |    47 |       |       |       |       |       ||    81
       Chain mail        |       |    21 |   245 |   195 |   376 |   178 |       ||  1015
       Gold dragon scale |       |       |       |       |       |   253 |   327 ||   580
Dodge: Dodged            |    27 |    55 |   127 |   169 |   262 |   263 |   186 ||  1089
Block: Buckler           |    10 |    32 |    86 |    89 |       |       |       ||   217
       Kite shield       |       |       |       |    28 |   366 |       |       ||   394
       Tower shield      |       |       |       |       |    99 |  1259 |   977 ||  2335
       Reflection        |       |       |       |       |       |    54 |    42 ||    96

Table legend: (Time is in decaauts)
 A = Elapsed time spent in this place.
 B = Non-inter-level travel time spent in this place.
 C = Inter-level travel time spent in this place.
 D = Time resting spent in this place.
 E = Time spent auto-exploring this place.
 F = Levels seen in this place.
 G = Mean time per level.
                   A        B        C        D        E       F      G
               +--------+--------+--------+--------+--------+-----+--------+
         Total |  42052 |  39015 |   3037 |   5070 |  25924 |  45 |  934.5 |
       Dungeon |  14481 |  13192 |   1289 |   1563 |   9324 |  15 |  965.4 |
        Temple |     10 |     10 |      0 |      0 |      0 |   1 |   10.0 |
          Lair |   8012 |   7586 |    426 |   1873 |   4741 |   5 | 1602.4 |
        Shoals |   3903 |   3672 |    231 |    292 |   2430 |   4 |  975.8 |
     Snake Pit |   4637 |   4404 |    233 |    450 |   2975 |   4 | 1159.2 |
  Orcish Mines |   1015 |    855 |    160 |      0 |    678 |   2 |  507.5 |
   Elven Halls |   1637 |   1526 |    111 |    614 |    629 |   2 |  818.5 |
        Vaults |   5315 |   4753 |    562 |     28 |   3499 |   4 | 1328.8 |
        Depths |   1249 |   1228 |     21 |      0 |    946 |   2 |  624.5 |
         Abyss |    413 |    413 |      0 |      0 |    171 |   2 |  206.5 |
       Ossuary |    419 |    419 |      0 |    100 |    163 |   1 |  419.0 |
    Desolation |    916 |    916 |      0 |    143 |    368 |   1 |  916.0 |
         Arena |     41 |     41 |      0 |      6 |      0 |   2 |   20.5 |
               +--------+--------+--------+--------+--------+-----+--------+

Top non-repeatable levels by time:
  Lair:5: 2937 daAuts
  Lair:3: 1601 daAuts
     D:5: 1560 daAuts
Vaults:3: 1491 daAuts
     D:9: 1480 daAuts
   Elf:1: 1478 daAuts
 Snake:2: 1348 daAuts
 Snake:4: 1299 daAuts
Vaults:1: 1297 daAuts
Shoals:4: 1290 daAuts
Vaults:4: 1283 daAuts
Vaults:2: 1243 daAuts
 Snake:1: 1226 daAuts
  Lair:1: 1221 daAuts
     D:8: 1173 daAuts
